Workbook
Name JR_PAGE_ANCHOR_0_1: MG!#REF!
Name JR_PAGE_ANCHOR_0_1: #REF!
Name JR_PAGE_ANCHOR_1_1: #REF!
Name JR_PAGE_ANCHOR_10_1: [1]Planilha!#REF!
Name JR_PAGE_ANCHOR_11_1: #REF!
Name JR_PAGE_ANCHOR_12_1: #REF!
Name JR_PAGE_ANCHOR_13_1: #REF!
Name JR_PAGE_ANCHOR_14_1: #REF!
Name JR_PAGE_ANCHOR_15_1: #REF!
Name JR_PAGE_ANCHOR_16_1: #REF!
Name JR_PAGE_ANCHOR_17_1: #REF!
Name JR_PAGE_ANCHOR_18_1: #REF!
Name JR_PAGE_ANCHOR_19_1: #REF!
Name JR_PAGE_ANCHOR_2_1: #REF!
Name JR_PAGE_ANCHOR_20_1: #REF!
Name JR_PAGE_ANCHOR_21_1: #REF!
Name JR_PAGE_ANCHOR_22_1: #REF!
Name JR_PAGE_ANCHOR_23_1: #REF!
Name JR_PAGE_ANCHOR_24_1: #REF!
Name JR_PAGE_ANCHOR_25_1: #REF!
Name JR_PAGE_ANCHOR_26_1: #REF!
Name JR_PAGE_ANCHOR_3_1: #REF!
Name JR_PAGE_ANCHOR_4_1: #REF!
Name JR_PAGE_ANCHOR_5_1: #REF!
Name JR_PAGE_ANCHOR_6_1: #REF!
Name JR_PAGE_ANCHOR_7_1: #REF!
Name JR_PAGE_ANCHOR_8_1: #REF!
Name JR_PAGE_ANCHOR_9_1: #REF!

Sheet MG
A1: MINISTÉRIO DA EDUCAÇÃO
A5: Obra: Creche Tipo 2 - Opção 110V | G5: BDI : | J5: 0.25
A6: Unidade federativa: MINAS GERAIS | F6: Fonte
A7: Planilha Orçamentária: TIPO2-PLN-AT8-S127_R02 | F7: SINAPI | G7: 2025/01 | I7: SEM DESONERAÇÃO
F8: SP OBRAS | G8: 196 | I8: SEM DESONERAÇÃO
F9: PRÓPRIA | G9: PRÓPRIA
A12: ITEM | B12: CÓDIGO | C12: DESCRIÇÃO | D12: FONTE | E12: UND | F12: QUANTIDADE | G12: PREÇO UNITÁRIO SEM BDI R$ | H12: PREÇO UNITÁRIO COM BDI R$ | I12: VALOR TOTALSEM BDI | J12: VALOR TOTAL COM R$
A13: 1 | B13: SERVIÇOS PRELIMINARES | I13: =SUM(I14:I21) -> 56381.26 | J13: =SUM(J14:J21) -> 70476.575
A14: 1.1 | B14: 103689 | C14: FORNECIMENTO E INSTALAÇÃO DE PLACA DE OBRA COM CHAPA GALVANIZADA E ESTRUTURA DE MADEIRA. AF_03/2022_PS | D14: SINAPI | E14: M2 | F14: 10 | G14: 502.36 | H14: =G14*1.25 -> 627.95 | I14: =F14*G14 -> 5023.6 | J14: =F14*H14 -> 6279.5
A15: 1.2 | B15: 98459 | C15: TAPUME COM TELHA METÁLICA. AF_03/2024 | D15: SINAPI | E15: M2 | F15: 99 | G15: 86.27 | H15: =G15*1.25 -> 107.8375 | I15: =F15*G15 -> 8540.73 | J15: =F15*H15 -> 10675.912
A16: 1.3 | B16: 101509 | C16: ENTRADA DE ENERGIA ELÉTRICA, AÉREA, TRIFÁSICA, COM CAIXA DE EMBUTIR, CABO DE 10 MM2 E DISJUNTOR DIN 50A (NÃO INCLUSO O POSTE DE CONCRETO). AF_07/2020 | D16: SINAPI | E16: UN | F16: 1 | G16: 2012.87 | H16: =G16*1.25 -> 2516.0875 | I16: =F16*G16 -> 2012.87 | J16: =F16*H16 -> 2516.0875
A17: 1.4 | B17: FNDE 03 | C17: LIGAÇÃO PROVISÓRIA DE ÁGUA E ESGOTO | D17: PRÓPRIA | E17: UN | F17: 1 | G17: 3118.51 | H17: =G17*1.25 -> 3898.1375 | I17: =F17*G17 -> 3118.51 | J17: =F17*H17 -> 3898.1375
A18: 1.5 | B18: 99059 | C18: LOCAÇÃO CONVENCIONAL DE OBRA, UTILIZANDO GABARITO DE TÁBUAS CORRIDAS PONTALETADAS A CADA 2,00M - 2 UTILIZAÇÕES. AF_03/2024 | D18: SINAPI | E18: M | F18: 127.78 | G18: 73.32 | H18: =G18*1.25 -> 91.65 | I18: =F18*G18 -> 9368.8296 | J18: =F18*H18 -> 11711.037
A19: 1.6 | B19: FNDE 231 | C19: LOCACAO DE CONTAINER 2,30 X 6,00 M, ALT. 2,50 M, COM 1 SANITARIO, PARA ESCRITORIO, COMPLETO, SEM DIVISORIAS INTERNAS (NAO INCLUI MOBILIZACAO/DESMOBILIZACAO) | D19: PRÓPRIA | E19: MÊS | F19: 8 | G19: 1169.71 | H19: =G19*1.25 -> 1462.1375 | I19: =F19*G19 -> 9357.68 | J19: =F19*H19 -> 11697.1
A20: 1.7 | B20: FNDE 230 | C20: LOCACAO DE CONTAINER 2,30 X 6,00 M, ALT. 2,50 M, PARA ESCRITORIO, SEM DIVISORIAS INTERNAS E SEM SANITARIO (NAO INCLUI MOBILIZACAO/DESMOBILIZACAO) | D20: PRÓPRIA | E20: MÊS | F20: 8 | G20: 956.42 | H20: =G20*1.25 -> 1195.525 | I20: =F20*G20 -> 7651.36 | J20: =F20*H20 -> 9564.2
A21: 1.8 | B21: FNDE 232 | C21: LOCACAO DE CONTAINER 2,30 X 6,00 M, ALT. 2,50 M, PARA SANITARIO, COM 4 BACIAS, 8 CHUVEIROS,1 LAVATORIO E 1 MICTORIO (NAO INCLUI MOBILIZACAO/DESMOBILIZACAO) | D21: PRÓPRIA | E21: MÊS | F21: 8 | G21: 1413.46 | H21: =G21*1.25 -> 1766.825 | I21: =F21*G21 -> 11307.68 | J21: =F21*H21 -> 14134.6
A22: 2 | B22: MOVIMENTO DE TERRA PARA FUNDAÇÕES | I22: =I23+I29+I33 -> 42967.355 | J22: =J23+J29+J33 -> 53709.193
A23: 2.1 | B23: EDIFICAÇÃO | I23: =SUM(I24:I28) -> 40777.007 | J23: =SUM(J24:J28) -> 50971.258
A24: 2.1.1 | B24: 98525 | C24: LIMPEZA MECANIZADA DE CAMADA VEGETAL, VEGETAÇÃO E PEQUENAS ÁRVORES (DIÂMETRO DE TRONCO MENOR QUE 0,20 M), COM TRATOR DE ESTEIRAS. AF_03/2024 | D24: SINAPI | E24: M2 | F24: 1575 | G24: 0.7 | H24: =G24*1.25 -> 0.875 | I24: =F24*G24 -> 1102.5 | J24: =F24*H24 -> 1378.125
A25: 2.1.2 | B25: 94306 | C25: ATERRO MECANIZADO DE VALA COM ESCAVADEIRA HIDRÁULICA (CAPACIDADE DA CAÇAMBA: 0,8 M³ / POTÊNCIA: 111 HP), LARGURA ATÉ 2,5 M, PROFUNDIDADE DE 1,5 A 3,0 M, COM SOLO ARGILO-ARENOSO. AF_08/2023 | D25: SINAPI | E25: M3 | F25: 158.44 | G25: 69.83 | H25: =G25*1.25 -> 87.2875 | I25: =F25*G25 -> 11063.865 | J25: =F25*H25 -> 13829.831
A26: 2.1.3 | B26: 96523 | C26: ESCAVAÇÃO MANUAL PARA BLOCO DE COROAMENTO OU SAPATA (INCLUINDO ESCAVAÇÃO PARA COLOCAÇÃO DE FÔRMAS). AF_01/2024 | D26: SINAPI | E26: M3 | F26: 250.58 | G26: 100.91 | H26: =G26*1.25 -> 126.1375 | I26: =F26*G26 -> 25286.028 | J26: =F26*H26 -> 31607.535
A27: 2.1.4 | B27: 101617 | C27: PREPARO DE FUNDO DE VALA COM LARGURA MAIOR OU IGUAL A 1,5 M E MENOR QUE 2,5 M (ACERTO DO SOLO NATURAL). AF_08/2020 | D27: SINAPI | E27: M2 | F27: 107.09 | G27: 3.42 | H27: =G27*1.25 -> 4.275 | I27: =F27*G27 -> 366.2478 | J27: =F27*H27 -> 457.80975
A28: 2.1.5 | B28: 93381 | C28: REATERRO MECANIZADO DE VALA COM RETROESCAVADEIRA (CAPACIDADE DA CAÇAMBA DA RETRO: 0,26 M³/POTÊNCIA: 88 HP), LARGURA 0,8 A 1,5 M, PROFUNDIDADE 1,5 A 3,0 M, COM SOLO (SEM SUBSTITUIÇÃO) DE 1ª CATEGORIA E COMPACTADOR DE SOLOS DE PERCUSSÃO. AF_08/2023 | D28: SINAPI | E28: M3 | F28: 210.86 | G28: 14.03 | H28: =G28*1.25 -> 17.5375 | I28: =F28*G28 -> 2958.3658 | J28: =F28*H28 -> 3697.9572
A29: 2.2 | B29: MURETA ABRIGO DE GÁS | I29: =SUM(I30:I32) -> 1788.2168 | J29: =SUM(J30:J32) -> 2235.271
A30: 2.2.1 | B30: 96523 | C30: ESCAVAÇÃO MANUAL PARA BLOCO DE COROAMENTO OU SAPATA (INCLUINDO ESCAVAÇÃO PARA COLOCAÇÃO DE FÔRMAS). AF_01/2024 | D30: SINAPI | E30: M3 | F30: 15.68 | G30: 100.91 | H30: =G30*1.25 -> 126.1375 | I30: =F30*G30 -> 1582.2688 | J30: =F30*H30 -> 1977.836
A31: 2.2.2 | B31: 101617 | C31: PREPARO DE FUNDO DE VALA COM LARGURA MAIOR OU IGUAL A 1,5 M E MENOR QUE 2,5 M (ACERTO DO SOLO NATURAL). AF_08/2020 | D31: SINAPI | E31: M2 | F31: 13.37 | G31: 3.42 | H31: =G31*1.25 -> 4.275 | I31: =F31*G31 -> 45.7254 | J31: =F31*H31 -> 57.15675
A32: 2.2.3 | B32: 93381 | C32: REATERRO MECANIZADO DE VALA COM RETROESCAVADEIRA (CAPACIDADE DA CAÇAMBA DA RETRO: 0,26 M³/POTÊNCIA: 88 HP), LARGURA 0,8 A 1,5 M, PROFUNDIDADE 1,5 A 3,0 M, COM SOLO (SEM SUBSTITUIÇÃO) DE 1ª CATEGORIA E COMPACTADOR DE SOLOS DE PERCUSSÃO. AF_08/2023 | D32: SINAPI | E32: M3 | F32: 11.42 | G32: 14.03 | H32: =G32*1.25 -> 17.5375 | I32: =F32*G32 -> 160.2226 | J32: =F32*H32 -> 200.27825
A33: 2.3 | B33: CASTELO D'ÁGUA | I33: =SUM(I34:I36) -> 402.1312 | J33: =SUM(J34:J36) -> 502.664
A34: 2.3.1 | B34: 96523 | C34: ESCAVAÇÃO MANUAL PARA BLOCO DE COROAMENTO OU SAPATA (INCLUINDO ESCAVAÇÃO PARA COLOCAÇÃO DE FÔRMAS). AF_01/2024 | D34: SINAPI | E34: M3 | F34: 3.65 | G34: 100.91 | H34: =G34*1.25 -> 126.1375 | I34: =F34*G34 -> 368.3215 | J34: =F34*H34 -> 460.40187
A35: 2.3.2 | B35: 101617 | C35: PREPARO DE FUNDO DE VALA COM LARGURA MAIOR OU IGUAL A 1,5 M E MENOR QUE 2,5 M (ACERTO DO SOLO NATURAL). AF_08/2020 | D35: SINAPI | E35: M2 | F35: 4.84 | G35: 3.42 | H35: =G35*1.25 -> 4.275 | I35: =F35*G35 -> 16.5528 | J35: =F35*H35 -> 20.691
A36: 2.3.3 | B36: 93381 | C36: REATERRO MECANIZADO DE VALA COM RETROESCAVADEIRA (CAPACIDADE DA CAÇAMBA DA RETRO: 0,26 M³/POTÊNCIA: 88 HP), LARGURA 0,8 A 1,5 M, PROFUNDIDADE 1,5 A 3,0 M, COM SOLO (SEM SUBSTITUIÇÃO) DE 1ª CATEGORIA E COMPACTADOR DE SOLOS DE PERCUSSÃO. AF_08/2023 | D36: SINAPI | E36: M3 | F36: 1.23 | G36: 14.03 | H36: =G36*1.25 -> 17.5375 | I36: =F36*G36 -> 17.2569 | J36: =F36*H36 -> 21.571125
A37: 3 | B37: FUNDAÇÕES | I37: =I38+I47+I56+I66+I72 -> 134173.81 | J37: =J38+J47+J56+J66+J72 -> 167717.27
A38: 3.1 | B38: CONCRETO ARMADO PARA SAPATAS | I38: =SUM(I39:I46) -> 41077.248 | J38: =SUM(J39:J46) -> 51346.56
A39: 3.1.1 | B39: 96619 | C39: LASTRO DE CONCRETO MAGRO, APLICADO EM BLOCOS DE COROAMENTO OU SAPATAS, ESPESSURA DE 5 CM. AF_01/2024 | D39: SINAPI | E39: M2 | F39: 46.65 | G39: 43.38 | H39: =G39*1.25 -> 54.225 | I39: =F39*G39 -> 2023.677 | J39: =F39*H39 -> 2529.5963
A40: 3.1.2 | B40: 96534 | C40: FABRICAÇÃO, MONTAGEM E DESMONTAGEM DE FÔRMA PARA BLOCO DE COROAMENTO, EM MADEIRA SERRADA, E=25 MM, 4 UTILIZAÇÕES. AF_01/2024 | D40: SINAPI | E40: M2 | F40: 131.71 | G40: 82.95 | H40: =G40*1.25 -> 103.6875 | I40: =F40*G40 -> 10925.345 | J40: =F40*H40 -> 13656.681
A41: 3.1.3 | B41: 104917 | C41: ARMAÇÃO DE SAPATA ISOLADA, VIGA BALDRAME E SAPATA CORRIDA UTILIZANDO AÇO CA-50 DE 6,3 MM - MONTAGEM. AF_01/2024 | D41: SINAPI | E41: KG | F41: 317.2 | G41: 15.88 | H41: =G41*1.25 -> 19.85 | I41: =F41*G41 -> 5037.136 | J41: =F41*H41 -> 6296.42
A42: 3.1.4 | B42: 104918 | C42: ARMAÇÃO DE SAPATA ISOLADA, VIGA BALDRAME E SAPATA CORRIDA UTILIZANDO AÇO CA-50 DE 8 MM - MONTAGEM. AF_01/2024 | D42: SINAPI | E42: KG | F42: 41.25 | G42: 14.53 | H42: =G42*1.25 -> 18.1625 | I42: =F42*G42 -> 599.3625 | J42: =F42*H42 -> 749.20312
A43: 3.1.5 | B43: 104919 | C43: ARMAÇÃO DE SAPATA ISOLADA, VIGA BALDRAME E SAPATA CORRIDA UTILIZANDO AÇO CA-50 DE 10 MM - MONTAGEM. AF_01/2024 | D43: SINAPI | E43: KG | F43: 366.94 | G43: 12.87 | H43: =G43*1.25 -> 16.0875 | I43: =F43*G43 -> 4722.5178 | J43: =F43*H43 -> 5903.1472
A44: 3.1.6 | B44: 104920 | C44: ARMAÇÃO DE BLOCO, SAPATA ISOLADA, VIGA BALDRAME E SAPATA CORRIDA UTILIZANDO AÇO CA-50 DE 12,5 MM - MONTAGEM. AF_01/2024 | D44: SINAPI | E44: KG | F44: 225 | G44: 10.87 | H44: =G44*1.25 -> 13.5875 | I44: =F44*G44 -> 2445.75 | J44: =F44*H44 -> 3057.1875
A45: 3.1.7 | B45: 92915 | C45: ARMAÇÃO DE ESTRUTURAS DIVERSAS DE CONCRETO ARMADO, EXCETO VIGAS, PILARES, LAJES E FUNDAÇÕES, UTILIZANDO AÇO CA-60 DE 5,0 MM - MONTAGEM. AF_06/2022 | D45: SINAPI | E45: KG | F45: 134.38 | G45: 17.5 | H45: =G45*1.25 -> 21.875 | I45: =F45*G45 -> 2351.65 | J45: =F45*H45 -> 2939.5625
A46: 3.1.8 | B46: 96558 | C46: CONCRETAGEM DE SAPATA, FCK 30 MPA, COM USO DE BOMBA - LANÇAMENTO, ADENSAMENTO E ACABAMENTO. AF_01/2024 | D46: SINAPI | E46: M3 | F46: 15.55 | G46: 834.2 | H46: =G46*1.25 -> 1042.75 | I46: =F46*G46 -> 12971.81 | J46: =F46*H46 -> 16214.763
A47: 3.2 | B47: CONCRETO ARMADO PARA VIGA BALDRAME | I47: =SUM(I48:I55) -> 73117.715 | J47: =SUM(J48:J55) -> 91397.144
A48: 3.2.1 | B48: 96619 | C48: LASTRO DE CONCRETO MAGRO, APLICADO EM BLOCOS DE COROAMENTO OU SAPATAS, ESPESSURA DE 5 CM. AF_01/2024 | D48: SINAPI | E48: M2 | F48: 60.44 | G48: 43.38 | H48: =G48*1.25 -> 54.225 | I48: =F48*G48 -> 2621.8872 | J48: =F48*H48 -> 3277.359
A49: 3.2.2 | B49: 96616 | C49: LASTRO DE CONCRETO MAGRO, APLICADO EM BLOCOS DE COROAMENTO OU SAPATAS. AF_01/2024 | D49: SINAPI | E49: M3 | F49: 3.89 | G49: 867.92 | H49: =G49*1.25 -> 1084.9 | I49: =F49*G49 -> 3376.2088 | J49: =F49*H49 -> 4220.261
A50: 3.2.3 | B50: 96534 | C50: FABRICAÇÃO, MONTAGEM E DESMONTAGEM DE FÔRMA PARA BLOCO DE COROAMENTO, EM MADEIRA SERRADA, E=25 MM, 4 UTILIZAÇÕES. AF_01/2024 | D50: SINAPI | E50: M2 | F50: 349.55 | G50: 82.95 | H50: =G50*1.25 -> 103.6875 | I50: =F50*G50 -> 28995.173 | J50: =F50*H50 -> 36243.966
A51: 3.2.4 | B51: 104918 | C51: ARMAÇÃO DE SAPATA ISOLADA, VIGA BALDRAME E SAPATA CORRIDA UTILIZANDO AÇO CA-50 DE 8 MM - MONTAGEM. AF_01/2024 | D51: SINAPI | E51: KG | F51: 660.1 | G51: 14.53 | H51: =G51*1.25 -> 18.1625 | I51: =F51*G51 -> 9591.253 | J51: =F51*H51 -> 11989.066
A52: 3.2.5 | B52: 104919 | C52: ARMAÇÃO DE SAPATA ISOLADA, VIGA BALDRAME E SAPATA CORRIDA UTILIZANDO AÇO CA-50 DE 10 MM - MONTAGEM. AF_01/2024 | D52: SINAPI | E52: KG | F52: 113.6 | G52: 12.87 | H52: =G52*1.25 -> 16.0875 | I52: =F52*G52 -> 1462.032 | J52: =F52*H52 -> 1827.54
A53: 3.2.6 | B53: 104920 | C53: ARMAÇÃO DE BLOCO, SAPATA ISOLADA, VIGA BALDRAME E SAPATA CORRIDA UTILIZANDO AÇO CA-50 DE 12,5 MM - MONTAGEM. AF_01/2024 | D53: SINAPI | E53: KG | F53: 26.41 | G53: 10.87 | H53: =G53*1.25 -> 13.5875 | I53: =F53*G53 -> 287.0767 | J53: =F53*H53 -> 358.84587
A54: 3.2.7 | B54: 96543 | C54: ARMAÇÃO DE BLOCO UTILIZANDO AÇO CA-60 DE 5 MM - MONTAGEM. AF_01/2024 | D54: SINAPI | E54: KG | F54: 356.91 | G54: 20.94 | H54: =G54*1.25 -> 26.175 | I54: =F54*G54 -> 7473.6954 | J54: =F54*H54 -> 9342.1193
A55: 3.2.8 | B55: 96557 | C55: CONCRETAGEM DE BLOCO DE COROAMENTO OU VIGA BALDRAME, FCK 30 MPA, COM USO DE BOMBA - LANÇAMENTO, ADENSAMENTO E ACABAMENTO. AF_01/2024 | D55: SINAPI | E55: M3 | F55: 24.18 | G55: 798.61 | H55: =G55*1.25 -> 998.2625 | I55: =F55*G55 -> 19310.39 | J55: =F55*H55 -> 24137.987
A56: 3.3 | B56: FUNDAÇÃO CASTELO D'ÁGUA | I56: =SUM(I57:I65) -> 8095.1682 | J56: =SUM(J57:J65) -> 10118.96
A57: 3.3.1 | B57: 100896 | C57: ESTACA ESCAVADA MECANICAMENTE, SEM FLUIDO ESTABILIZANTE, COM 25CM DE DIÂMETRO, CONCRETO LANÇADO POR CAMINHÃO BETONEIRA (EXCLUSIVE MOBILIZAÇÃO E DESMOBILIZAÇÃO). AF_01/2020_PA | D57: SINAPI | E57: M | F57: 35 | G57: 64.59 | H57: =G57*1.25 -> 80.7375 | I57: =F57*G57 -> 2260.65 | J57: =F57*H57 -> 2825.8125
A58: 3.3.2 | B58: 95601 | C58: ARRASAMENTO MECANICO DE ESTACA DE CONCRETO ARMADO, DIAMETROS DE ATÉ 40 CM. AF_05/2021 | D58: SINAPI | E58: UN | F58: 5 | G58: 18.73 | H58: =G58*1.25 -> 23.4125 | I58: =F58*G58 -> 93.65 | J58: =F58*H58 -> 117.0625
A59: 3.3.3 | B59: 96619 | C59: LASTRO DE CONCRETO MAGRO, APLICADO EM BLOCOS DE COROAMENTO OU SAPATAS, ESPESSURA DE 5 CM. AF_01/2024 | D59: SINAPI | E59: M2 | F59: 4.84 | G59: 43.38 | H59: =G59*1.25 -> 54.225 | I59: =F59*G59 -> 209.9592 | J59: =F59*H59 -> 262.449
A60: 3.3.4 | B60: 96540 | C60: FABRICAÇÃO, MONTAGEM E DESMONTAGEM DE FÔRMA PARA BLOCO DE COROAMENTO, EM CHAPA DE MADEIRA COMPENSADA RESINADA, E=17 MM, 4 UTILIZAÇÕES. AF_01/2024 | D60: SINAPI | E60: M2 | F60: 4.4 | G60: 137.89 | H60: =G60*1.25 -> 172.3625 | I60: =F60*G60 -> 606.716 | J60: =F60*H60 -> 758.395
A61: 3.3.5 | B61: 96546 | C61: ARMAÇÃO DE BLOCO UTILIZANDO AÇO CA-50 DE 10 MM - MONTAGEM. AF_01/2024 | D61: SINAPI | E61: KG | F61: 116.61 | G61: 14.31 | H61: =G61*1.25 -> 17.8875 | I61: =F61*G61 -> 1668.6891 | J61: =F61*H61 -> 2085.8614
A62: 3.3.6 | B62: 104920 | C62: ARMAÇÃO DE BLOCO, SAPATA ISOLADA, VIGA BALDRAME E SAPATA CORRIDA UTILIZANDO AÇO CA-50 DE 12,5 MM - MONTAGEM. AF_01/2024 | D62: SINAPI | E62: KG | F62: 83.78 | G62: 10.87 | H62: =G62*1.25 -> 13.5875 | I62: =F62*G62 -> 910.6886 | J62: =F62*H62 -> 1138.3607
A63: 3.3.7 | B63: 104915 | C63: ARMAÇÃO DE BLOCO E SAPATA UTILIZANDO AÇO CA-50 DE 25 MM - MONTAGEM. AF_01/2024 | D63: SINAPI | E63: KG | F63: 13.87 | G63: 9.97 | H63: =G63*1.25 -> 12.4625 | I63: =F63*G63 -> 138.2839 | J63: =F63*H63 -> 172.85487
A64: 3.3.8 | B64: 96543 | C64: ARMAÇÃO DE BLOCO UTILIZANDO AÇO CA-60 DE 5 MM - MONTAGEM. AF_01/2024 | D64: SINAPI | E64: KG | F64: 13.08 | G64: 20.94 | H64: =G64*1.25 -> 26.175 | I64: =F64*G64 -> 273.8952 | J64: =F64*H64 -> 342.369
A65: 3.3.9 | B65: 96557 | C65: CONCRETAGEM DE BLOCO DE COROAMENTO OU VIGA BALDRAME, FCK 30 MPA, COM USO DE BOMBA - LANÇAMENTO, ADENSAMENTO E ACABAMENTO. AF_01/2024 | D65: SINAPI | E65: M3 | F65: 2.42 | G65: 798.61 | H65: =G65*1.25 -> 998.2625 | I65: =F65*G65 -> 1932.6362 | J65: =F65*H65 -> 2415.7953
A66: 3.4 | B66: ABRIGO DE GÁS - BLOCOS | I66: =SUM(I67:I71) -> 2548.4182 | J66: =SUM(J67:J71) -> 3185.5228
A67: 3.4.1 | B67: 100896 | C67: ESTACA ESCAVADA MECANICAMENTE, SEM FLUIDO ESTABILIZANTE, COM 25CM DE DIÂMETRO, CONCRETO LANÇADO POR CAMINHÃO BETONEIRA (EXCLUSIVE MOBILIZAÇÃO E DESMOBILIZAÇÃO). AF_01/2020_PA | D67: SINAPI | E67: M | F67: 17.5 | G67: 64.59 | H67: =G67*1.25 -> 80.7375 | I67: =F67*G67 -> 1130.325 | J67: =F67*H67 -> 1412.9063
A68: 3.4.2 | B68: 96619 | C68: LASTRO DE CONCRETO MAGRO, APLICADO EM BLOCOS DE COROAMENTO OU SAPATAS, ESPESSURA DE 5 CM. AF_01/2024 | D68: SINAPI | E68: M2 | F68: 1.25 | G68: 43.38 | H68: =G68*1.25 -> 54.225 | I68: =F68*G68 -> 54.225 | J68: =F68*H68 -> 67.78125
A69: 3.4.3 | B69: 96540 | C69: FABRICAÇÃO, MONTAGEM E DESMONTAGEM DE FÔRMA PARA BLOCO DE COROAMENTO, EM CHAPA DE MADEIRA COMPENSADA RESINADA, E=17 MM, 4 UTILIZAÇÕES. AF_01/2024 | D69: SINAPI | E69: M2 | F69: 5 | G69: 137.89 | H69: =G69*1.25 -> 172.3625 | I69: =F69*G69 -> 689.45 | J69: =F69*H69 -> 861.8125
A70: 3.4.4 | B70: 103797 | C70: ARMAÇÃO DE DESCIDA D'ÁGUA UTILIZANDO AÇO CA-60 DE 5 MM - MONTAGEM. AF_08/2022 | D70: SINAPI | E70: KG | F70: 10.19 | G70: 16.81 | H70: =G70*1.25 -> 21.0125 | I70: =F70*G70 -> 171.2939 | J70: =F70*H70 -> 214.11737
A71: 3.4.5 | B71: 96557 | C71: CONCRETAGEM DE BLOCO DE COROAMENTO OU VIGA BALDRAME, FCK 30 MPA, COM USO DE BOMBA - LANÇAMENTO, ADENSAMENTO E ACABAMENTO. AF_01/2024 | D71: SINAPI | E71: M3 | F71: 0.63 | G71: 798.61 | H71: =G71*1.25 -> 998.2625 | I71: =F71*G71 -> 503.1243 | J71: =F71*H71 -> 628.90538
A72: 3.5 | B72: MURETA E ABRIGO DE GÁS - VIGAS BALDRAME | I72: =SUM(I73:I76) -> 9335.2626 | J72: =SUM(J73:J76) -> 11669.078
A73: 3.5.1 | B73: 96619 | C73: LASTRO DE CONCRETO MAGRO, APLICADO EM BLOCOS DE COROAMENTO OU SAPATAS, ESPESSURA DE 5 CM. AF_01/2024 | D73: SINAPI | E73: M2 | F73: 13.25 | G73: 43.38 | H73: =G73*1.25 -> 54.225 | I73: =F73*G73 -> 574.785 | J73: =F73*H73 -> 718.48125
A74: 3.5.2 | B74: 96542 | C74: FABRICAÇÃO, MONTAGEM E DESMONTAGEM DE FÔRMA PARA VIGA BALDRAME, EM CHAPA DE MADEIRA COMPENSADA RESINADA, E=17 MM, 4 UTILIZAÇÕES. AF_01/2024 | D74: SINAPI | E74: M2 | F74: 44.97 | G74: 102.96 | H74: =G74*1.25 -> 128.7 | I74: =F74*G74 -> 4630.1112 | J74: =F74*H74 -> 5787.639
A75: 3.5.3 | B75: 104918 | C75: ARMAÇÃO DE SAPATA ISOLADA, VIGA BALDRAME E SAPATA CORRIDA UTILIZANDO AÇO CA-50 DE 8 MM - MONTAGEM. AF_01/2024 | D75: SINAPI | E75: KG | F75: 84.2 | G75: 14.53 | H75: =G75*1.25 -> 18.1625 | I75: =F75*G75 -> 1223.426 | J75: =F75*H75 -> 1529.2825
A76: 3.5.4 | B76: 96557 | C76: CONCRETAGEM DE BLOCO DE COROAMENTO OU VIGA BALDRAME, FCK 30 MPA, COM USO DE BOMBA - LANÇAMENTO, ADENSAMENTO E ACABAMENTO. AF_01/2024 | D76: SINAPI | E76: M3 | F76: 3.64 | G76: 798.61 | H76: =G76*1.25 -> 998.2625 | I76: =F76*G76 -> 2906.9404 | J76: =F76*H76 -> 3633.6755
A77: 4 | B77: SUPERESTRUTURA | I77: =I78+I84+I90+I92+I97+I104+I106 -> 300567.54 | J77: =J78+J84+J90+J92+J97+J104+J106 -> 375709.43
A78: 4.1 | B78: CONCRETO ARMADO - PILARES | I78: =SUM(I79:I83) -> 49030.761 | J78: =SUM(J79:J83) -> 61288.452
A79: 4.1.1 | B79: 92443 | C79: MONTAGEM E DESMONTAGEM DE FÔRMA DE PILARES RETANGULARES E ESTRUTURAS SIMILARES, PÉ-DIREITO SIMPLES, EM CHAPA DE MADEIRA COMPENSADA PLASTIFICADA, 18 UTILIZAÇÕES. AF_09/2020 | D79: SINAPI | E79: M2 | F79: 333.34 | G79: 51.8 | H79: =G79*1.25 -> 64.75 | I79: =F79*G79 -> 17267.012 | J79: =F79*H79 -> 21583.765
A80: 4.1.2 | B80: 92762 | C80: ARMAÇÃO DE PILAR OU VIGA DE ESTRUTURA CONVENCIONAL DE CONCRETO ARMADO UTILIZANDO AÇO CA-50 DE 10,0 MM - MONTAGEM. AF_06/2022 | D80: SINAPI | E80: KG | F80: 839.33 | G80: 11 | H80: =G80*1.25 -> 13.75 | I80: =F80*G80 -> 9232.63 | J80: =F80*H80 -> 11540.788
A81: 4.1.3 | B81: 92763 | C81: ARMAÇÃO DE PILAR OU VIGA DE ESTRUTURA CONVENCIONAL DE CONCRETO ARMADO UTILIZANDO AÇO CA-50 DE 12,5 MM - MONTAGEM. AF_06/2022 | D81: SINAPI | E81: KG | F81: 312.88 | G81: 9.18 | H81: =G81*1.25 -> 11.475 | I81: =F81*G81 -> 2872.2384 | J81: =F81*H81 -> 3590.298
A82: 4.1.4 | B82: 92759 | C82: ARMAÇÃO DE PILAR OU VIGA DE ESTRUTURA CONVENCIONAL DE CONCRETO ARMADO UTILIZANDO AÇO CA-60 DE 5,0 MM - MONTAGEM. AF_06/2022 | D82: SINAPI | E82: KG | F82: 450.22 | G82: 14.47 | H82: =G82*1.25 -> 18.0875 | I82: =F82*G82 -> 6514.6834 | J82: =F82*H82 -> 8143.3543
A83: 4.1.5 | B83: 103672 | C83: CONCRETAGEM DE PILARES, FCK = 25 MPA, COM USO DE BOMBA - LANÇAMENTO, ADENSAMENTO E ACABAMENTO. AF_02/2022_PS | D83: SINAPI | E83: M3 | F83: 18.25 | G83: 720.23 | H83: =G83*1.25 -> 900.2875 | I83: =F83*G83 -> 13144.198 | J83: =F83*H83 -> 16430.247
A84: 4.2 | B84: CONCRETO ARMADO - VIGAS | I84: =SUM(I85:I89) -> 49336.112 | J84: =SUM(J85:J89) -> 61670.141
A85: 4.2.1 | B85: 92443 | C85: MONTAGEM E DESMONTAGEM DE FÔRMA DE PILARES RETANGULARES E ESTRUTURAS SIMILARES, PÉ-DIREITO SIMPLES, EM CHAPA DE MADEIRA COMPENSADA PLASTIFICADA, 18 UTILIZAÇÕES. AF_09/2020 | D85: SINAPI | E85: M2 | F85: 344.1 | G85: 51.8 | H85: =G85*1.25 -> 64.75 | I85: =F85*G85 -> 17824.38 | J85: =F85*H85 -> 22280.475
A86: 4.2.2 | B86: 92761 | C86: ARMAÇÃO DE PILAR OU VIGA DE ESTRUTURA CONVENCIONAL DE CONCRETO ARMADO UTILIZANDO AÇO CA-50 DE 8,0 MM - MONTAGEM. AF_06/2022 | D86: SINAPI | E86: KG | F86: 675.91 | G86: 12.42 | H86: =G86*1.25 -> 15.525 | I86: =F86*G86 -> 8394.8022 | J86: =F86*H86 -> 10493.503
A87: 4.2.3 | B87: 92762 | C87: ARMAÇÃO DE PILAR OU VIGA DE ESTRUTURA CONVENCIONAL DE CONCRETO ARMADO UTILIZANDO AÇO CA-50 DE 10,0 MM - MONTAGEM. AF_06/2022 | D87: SINAPI | E87: KG | F87: 9.64 | G87: 11 | H87: =G87*1.25 -> 13.75 | I87: =F87*G87 -> 106.04 | J87: =F87*H87 -> 132.55
A88: 4.2.4 | B88: 92759 | C88: ARMAÇÃO DE PILAR OU VIGA DE ESTRUTURA CONVENCIONAL DE CONCRETO ARMADO UTILIZANDO AÇO CA-60 DE 5,0 MM - MONTAGEM. AF_06/2022 | D88: SINAPI | E88: KG | F88: 365.31 | G88: 14.47 | H88: =G88*1.25 -> 18.0875 | I88: =F88*G88 -> 5286.0357 | J88: =F88*H88 -> 6607.5446
A89: 4.2.5 | B89: 103675 | C89: CONCRETAGEM DE VIGAS E LAJES, FCK=25 MPA, PARA LAJES MACIÇAS OU NERVURADAS COM USO DE BOMBA - LANÇAMENTO, ADENSAMENTO E ACABAMENTO. AF_02/2022_PS | D89: SINAPI | E89: M3 | F89: 24.55 | G89: 721.99 | H89: =G89*1.25 -> 902.4875 | I89: =F89*G89 -> 17724.855 | J89: =F89*H89 -> 22156.068
A90: 4.3 | B90: CONCRETO ARMADO PARA VERGAS | I90: =SUM(I91) -> 3877.5088 | J90: =SUM(J91) -> 4846.886
A91: 4.3.1 | B91: 93184 | C91: VERGA PRÉ-MOLDADA COM ATÉ 1,5 M DE VÃO, ESPESSURA DE *20* CM. AF_03/2024 | D91: SINAPI | E91: M | F91: 124.12 | G91: 31.24 | H91: =G91*1.25 -> 39.05 | I91: =F91*G91 -> 3877.5088 | J91: =F91*H91 -> 4846.886
A92: 4.4 | B92: CONCRETO ARMADO - MURETA - PILARES | I92: =SUM(I93:I96) -> 2222.9214 | J92: =SUM(J93:J96) -> 2778.6517
A93: 4.4.1 | B93: 92443 | C93: MONTAGEM E DESMONTAGEM DE FÔRMA DE PILARES RETANGULARES E ESTRUTURAS SIMILARES, PÉ-DIREITO SIMPLES, EM CHAPA DE MADEIRA COMPENSADA PLASTIFICADA, 18 UTILIZAÇÕES. AF_09/2020 | D93: SINAPI | E93: M2 | F93: 18 | G93: 51.8 | H93: =G93*1.25 -> 64.75 | I93: =F93*G93 -> 932.4 | J93: =F93*H93 -> 1165.5
A94: 4.4.2 | B94: 92761 | C94: ARMAÇÃO DE PILAR OU VIGA DE ESTRUTURA CONVENCIONAL DE CONCRETO ARMADO UTILIZANDO AÇO CA-50 DE 8,0 MM - MONTAGEM. AF_06/2022 | D94: SINAPI | E94: KG | F94: 43.92 | G94: 12.42 | H94: =G94*1.25 -> 15.525 | I94: =F94*G94 -> 545.4864 | J94: =F94*H94 -> 681.858
A95: 4.4.3 | B95: 92759 | C95: ARMAÇÃO DE PILAR OU VIGA DE ESTRUTURA CONVENCIONAL DE CONCRETO ARMADO UTILIZANDO AÇO CA-60 DE 5,0 MM - MONTAGEM. AF_06/2022 | D95: SINAPI | E95: KG | F95: 13.66 | G95: 14.47 | H95: =G95*1.25 -> 18.0875 | I95: =F95*G95 -> 197.6602 | J95: =F95*H95 -> 247.07525
A96: 4.4.4 | B96: 103672 | C96: CONCRETAGEM DE PILARES, FCK = 25 MPA, COM USO DE BOMBA - LANÇAMENTO, ADENSAMENTO E ACABAMENTO. AF_02/2022_PS | D96: SINAPI | E96: M3 | F96: 0.76 | G96: 720.23 | H96: =G96*1.25 -> 900.2875 | I96: =F96*G96 -> 547.3748 | J96: =F96*H96 -> 684.2185
A97: 4.5 | B97: CONCRETO ARMADO - CASA DE GÁS - PILARES VIGAS E LAJE | I97: =SUM(I98:I103) -> 2885.8535 | J97: =SUM(J98:J103) -> 3607.3169
A98: 4.5.1 | B98: 92443 | C98: MONTAGEM E DESMONTAGEM DE FÔRMA DE PILARES RETANGULARES E ESTRUTURAS SIMILARES, PÉ-DIREITO SIMPLES, EM CHAPA DE MADEIRA COMPENSADA PLASTIFICADA, 18 UTILIZAÇÕES. AF_09/2020 | D98: SINAPI | E98: M2 | F98: 19.24 | G98: 51.8 | H98: =G98*1.25 -> 64.75 | I98: =F98*G98 -> 996.632 | J98: =F98*H98 -> 1245.79
A99: 4.5.2 | B99: 92760 | C99: ARMAÇÃO DE PILAR OU VIGA DE ESTRUTURA CONVENCIONAL DE CONCRETO ARMADO UTILIZANDO AÇO CA-50 DE 6,3 MM - MONTAGEM. AF_06/2022 | D99: SINAPI | E99: KG | F99: 15.26 | G99: 13.41 | H99: =G99*1.25 -> 16.7625 | I99: =F99*G99 -> 204.6366 | J99: =F99*H99 -> 255.79575
A100: 4.5.3 | B100: 92761 | C100: ARMAÇÃO DE PILAR OU VIGA DE ESTRUTURA CONVENCIONAL DE CONCRETO ARMADO UTILIZANDO AÇO CA-50 DE 8,0 MM - MONTAGEM. AF_06/2022 | D100: SINAPI | E100: KG | F100: 19.45 | G100: 12.42 | H100: =G100*1.25 -> 15.525 | I100: =F100*G100 -> 241.569 | J100: =F100*H100 -> 301.96125
A101: 4.5.4 | B101: 92762 | C101: ARMAÇÃO DE PILAR OU VIGA DE ESTRUTURA CONVENCIONAL DE CONCRETO ARMADO UTILIZANDO AÇO CA-50 DE 10,0 MM - MONTAGEM. AF_06/2022 | D101: SINAPI | E101: KG | F101: 28.01 | G101: 11 | H101: =G101*1.25 -> 13.75 | I101: =F101*G101 -> 308.11 | J101: =F101*H101 -> 385.1375
A102: 4.5.5 | B102: 92759 | C102: ARMAÇÃO DE PILAR OU VIGA DE ESTRUTURA CONVENCIONAL DE CONCRETO ARMADO UTILIZANDO AÇO CA-60 DE 5,0 MM - MONTAGEM. AF_06/2022 | D102: SINAPI | E102: KG | F102: 17.06 | G102: 14.47 | H102: =G102*1.25 -> 18.0875 | I102: =F102*G102 -> 246.8582 | J102: =F102*H102 -> 308.57275
A103: 4.5.6 | B103: 103675 | C103: CONCRETAGEM DE VIGAS E LAJES, FCK=25 MPA, PARA LAJES MACIÇAS OU NERVURADAS COM USO DE BOMBA - LANÇAMENTO, ADENSAMENTO E ACABAMENTO. AF_02/2022_PS | D103: SINAPI | E103: M3 | F103: 1.23 | G103: 721.99 | H103: =G103*1.25 -> 902.4875 | I103: =F103*G103 -> 888.0477 | J103: =F103*H103 -> 1110.0596
A104: 4.6 | B104: ESTRUTURA METÁLICA | I104: =SUM(I105) -> 115253.46 | J104: =SUM(J105) -> 144066.82
A105: 4.6.1 | B105: FNDE 607 | C105: ESTRUTURA TRELIÇADA DE COBERTURA, INCLUSOS PERFIS METÁLICOS, CHAPA METÁLICAS, MÃO DE OBRA E TRANSPORTE COM GUINDASTE - FORNECIMENTO E INSTALAÇÃO | D105: PRÓPRIA | E105: KG | F105: 9693.31 | G105: 11.89 | H105: =G105*1.25 -> 14.8625 | I105: 115253.46 | J105: =F105*H105 -> 144066.82
...

Sheet Cronograma Físico-Financeiro
A1: SECRETÁRIA DE EDUCAÇÃO
A3: CRONOGRAMA FÍSICO-FINANCEIRO
A4: PREFEITURA: Grão Mogol | N4: DATA: 11/05/2026
A5: OBRA: Creche Pré-Escola | D5: LOCAL: Rua B, Bairro Bandeirantes II - Grão Mogol/MG | N5: PRAZO DA OBRA: 20 MESES
A6: ITEM | B6: CÓDIGO | C6: ETAPAS/DESCRIÇÃO | D6: FÍSICO/ FINANCEIRO | E6: TOTAL ETAPAS | F6: MÊS 1 | G6: MÊS 2 | H6: MÊS 3 | I6: MÊS 4 | J6: MÊS 5 | K6: MÊS 6 | L6: MÊS 7 | M6: MÊS 8 | N6: MÊS 9 | O6: MÊS 10 | P6: MÊS 11 | Q6: MÊS 12 | R6: MÊS 13 | S6: MÊS 14 | T6: MÊS 15 | U6: MÊS 16 | V6: MÊS 17 | W6: MÊS 18 | X6: MÊS 19 | Y6: MÊS 20
A7: 1 | C7: =IFERROR(VLOOKUP(A7,[1]Planilha!$A:$I,2,FALSE),0) -> SERVIÇOS PRELIMINARES | D7: Físico % | E7: =E8/$E$56 -> 0.022835845 | F7: 0.17 | G7: 0.0437 | H7: 0.0437 | I7: 0.0437 | J7: 0.0437 | K7: 0.0437 | L7: 0.0437 | M7: 0.0437 | N7: 0.0437 | O7: 0.0437 | P7: 0.0437 | Q7: 0.0437 | R7: 0.0437 | S7: 0.0437 | T7: 0.0437 | U7: 0.0437 | V7: 0.0437 | W7: 0.0436 | X7: 0.0436 | Y7: 0.0436 | Z7: =SUM(F7:Y7) -> 1 | AA7: =Z7=E7 -> FALSE
D8: Financeiro | E8: =MG!J13 -> 70476.575 | F8: =(F7*$E$8) -> 11981.018 | G8: =(G7*$E$8) -> 3079.8263 | H8: =(H7*$E$8) -> 3079.8263 | I8: =(I7*$E$8) -> 3079.8263 | J8: =(J7*$E$8) -> 3079.8263 | K8: =(K7*$E$8) -> 3079.8263 | L8: =(L7*$E$8) -> 3079.8263 | M8: =(M7*$E$8) -> 3079.8263 | ... Y8: =(Y7*$E$8) -> 3072.7786 | Z8: =SUM(F8:Y8) -> 70476.575 | AA8: =Z8=E8 -> TRUE
A9: 2 | C9: =IFERROR(VLOOKUP(A9,[1]Planilha!$A:$I,2,FALSE),0) -> MOVIMENTO DE TERRA PARA FUNDAÇÕES | D9: Físico % | E9: =E10/$E$56 -> 0.017402872 | F9: 1 | Z9: =SUM(F9:Y9) -> 1 | AA9: =Z9=E9 -> FALSE
D10: Financeiro | E10: =MG!J22 -> 53709.193 | F10: =F9*$E$10 -> 53709.193 | G10: =G9*$E$10 -> 0 | H10: =H9*$E$10 -> 0 | I10: =I9*$E$10 -> 0 | J10: =J9*$E$10 -> 0 | K10: =K9*$E$10 -> 0 | L10: =L9*$E$10 -> 0 | M10: =M9*$E$10 -> 0 | ... Y10: =Y9*$E$10 -> 0 | Z10: =SUM(F10:Y10) -> 53709.193 | AA10: =Z10=E10 -> TRUE
A11: 3 | C11: =IFERROR(VLOOKUP(A11,[1]Planilha!$A:$I,2,FALSE),0) -> FUNDAÇÕES | D11: Físico % | E11: =E12/$E$56 -> 0.05434381 | F11: 0.25 | G11: 0.25 | H11: 0.25 | I11: 0.25 | Z11: =SUM(F11:Y11) -> 1 | AA11: =Z11=E11 -> FALSE
D12: Financeiro | E12: =MG!J37 -> 167717.27 | F12: =F11*$E$12 -> 41929.316 | G12: =G11*$E$12 -> 41929.316 | H12: =H11*$E$12 -> 41929.316 | I12: =I11*$E$12 -> 41929.316 | J12: =J11*$E$12 -> 0 | K12: =K11*$E$12 -> 0 | L12: =L11*$E$12 -> 0 | M12: =M11*$E$12 -> 0 | ... Y12: =Y11*$E$12 -> 0 | Z12: =SUM(F12:Y12) -> 167717.27 | AA12: =Z12=E12 -> TRUE
A13: 4 | C13: =IFERROR(VLOOKUP(A13,[1]Planilha!$A:$I,2,FALSE),0) -> SUPERESTRUTURA | D13: Físico % | E13: =E14/$E$56 -> 0.12173751 | I13: 0.2 | J13: 0.2 | K13: 0.2 | L13: 0.2 | M13: 0.2 | Z13: =SUM(F13:Y13) -> 1 | AA13: =Z13=E13 -> FALSE
D14: Financeiro | E14: =MG!J77 -> 375709.43 | F14: =F13*$E$14 -> 0 | G14: =G13*$E$14 -> 0 | H14: =H13*$E$14 -> 0 | I14: =I13*$E$14 -> 75141.885 | J14: =J13*$E$14 -> 75141.885 | K14: =K13*$E$14 -> 75141.885 | L14: =L13*$E$14 -> 75141.885 | M14: =M13*$E$14 -> 75141.885 | ... Y14: =Y13*$E$14 -> 0 | Z14: =SUM(F14:Y14) -> 375709.43 | AA14: =Z14=E14 -> TRUE
A15: 5 | C15: =IFERROR(VLOOKUP(A15,[1]Planilha!$A:$I,2,FALSE),0) -> SISTEMA DE VEDAÇÃO VERTICAL | D15: Físico % | E15: =E16/$E$56 -> 0.083498332 | L15: 0.3 | M15: 0.3 | N15: 0.2 | O15: 0.2 | Z15: =SUM(F15:Y15) -> 1 | AA15: =Z15=E15 -> FALSE
D16: Financeiro | E16: =MG!J117 -> 257694.7 | F16: =F15*$E$16 -> 0 | G16: =G15*$E$16 -> 0 | H16: =H15*$E$16 -> 0 | I16: =I15*$E$16 -> 0 | J16: =J15*$E$16 -> 0 | K16: =K15*$E$16 -> 0 | L16: =L15*$E$16 -> 77308.411 | M16: =M15*$E$16 -> 77308.411 | ... Y16: =Y15*$E$16 -> 0 | Z16: =SUM(F16:Y16) -> 257694.7 | AA16: =Z16=E16 -> TRUE
A17: 6 | C17: =IFERROR(VLOOKUP(A17,[1]Planilha!$A:$I,2,FALSE),0) -> ESQUADRIAS | D17: Físico % | E17: =E18/$E$56 -> 0.11340965 | P17: 0.2 | Q17: 0.2 | R17: 0.2 | S17: 0.2 | T17: 0.2 | Z17: =SUM(F17:Y17) -> 1 | AA17: =Z17=E17 -> FALSE
D18: Financeiro | E18: =MG!J132 -> 350007.77 | F18: =F17*$E$18 -> 0 | G18: =G17*$E$18 -> 0 | H18: =H17*$E$18 -> 0 | I18: =I17*$E$18 -> 0 | J18: =J17*$E$18 -> 0 | K18: =K17*$E$18 -> 0 | L18: =L17*$E$18 -> 0 | M18: =M17*$E$18 -> 0 | ... Y18: =Y17*$E$18 -> 0 | Z18: =SUM(F18:Y18) -> 350007.77 | AA18: =Z18=E18 -> TRUE
A19: 7 | C19: =IFERROR(VLOOKUP(A19,[1]Planilha!$A:$I,2,FALSE),0) -> SISTEMAS DE COBERTURA | D19: Físico % | E19: =E20/$E$56 -> 0.078840384 | L19: 0.2 | M19: 0.2 | N19: 0.4 | O19: 0.2 | Z19: =SUM(F19:Y19) -> 1 | AA19: =Z19=E19 -> FALSE
D20: Financeiro | E20: =MG!J177 -> 243319.22 | F20: =F19*$E$20 -> 0 | G20: =G19*$E$20 -> 0 | H20: =H19*$E$20 -> 0 | I20: =I19*$E$20 -> 0 | J20: =J19*$E$20 -> 0 | K20: =K19*$E$20 -> 0 | L20: =L19*$E$20 -> 48663.845 | M20: =M19*$E$20 -> 48663.845 | ... Y20: =Y19*$E$20 -> 0 | Z20: =SUM(F20:Y20) -> 243319.22 | AA20: =Z20=E20 -> TRUE
A21: 8 | C21: =IFERROR(VLOOKUP(A21,[1]Planilha!$A:$I,2,FALSE),0) -> IMPERMEABILIZAÇÃO | D21: Físico % | E21: =E22/$E$56 -> 0.0090157525 | H21: 0.5 | I21: 0.5 | Z21: =SUM(F21:Y21) -> 1 | AA21: =Z21=E21 -> FALSE
D22: Financeiro | E22: =MG!J184 -> 27824.647 | F22: =F21*$E$22 -> 0 | G22: =G21*$E$22 -> 0 | H22: =H21*$E$22 -> 13912.324 | I22: =I21*$E$22 -> 13912.324 | J22: =J21*$E$22 -> 0 | K22: =K21*$E$22 -> 0 | L22: =L21*$E$22 -> 0 | M22: =M21*$E$22 -> 0 | ... Y22: =Y21*$E$22 -> 0 | Z22: =SUM(F22:Y22) -> 27824.647 | AA22: =Z22=E22 -> TRUE
A23: 9 | C23: =IFERROR(VLOOKUP(A23,[1]Planilha!$A:$I,2,FALSE),0) -> REVESTIMENTOS INTERNO E EXTERNO | D23: Físico % | E23: =E24/$E$56 -> 0.1034474 | P23: 0.2 | Q23: 0.2 | R23: 0.2 | S23: 0.2 | T23: 0.2 | Z23: =SUM(F23:Y23) -> 1 | AA23: =Z23=E23 -> FALSE
D24: Financeiro | E24: =MG!J187 -> 319262.02 | F24: =F23*$E$24 -> 0 | G24: =G23*$E$24 -> 0 | H24: =H23*$E$24 -> 0 | I24: =I23*$E$24 -> 0 | J24: =J23*$E$24 -> 0 | K24: =K23*$E$24 -> 0 | L24: =L23*$E$24 -> 0 | M24: =M23*$E$24 -> 0 | ... Y24: =Y23*$E$24 -> 0 | Z24: =SUM(F24:Y24) -> 319262.02 | AA24: =Z24=E24 -> TRUE
A25: 10 | C25: =IFERROR(VLOOKUP(A25,[1]Planilha!$A:$I,2,FALSE),0) -> SISTEMAS DE PISOS | D25: Físico % | E25: =E26/$E$56 -> 0.054799688 | S25: 0.2 | T25: 0.2 | U25: 0.2 | V25: 0.2 | W25: 0.2 | Z25: =SUM(F25:Y25) -> 1 | AA25: =Z25=E25 -> FALSE
D26: Financeiro | E26: =MG!J204 -> 169124.21 | F26: =F25*$E$26 -> 0 | G26: =G25*$E$26 -> 0 | H26: =H25*$E$26 -> 0 | I26: =I25*$E$26 -> 0 | J26: =J25*$E$26 -> 0 | K26: =K25*$E$26 -> 0 | L26: =L25*$E$26 -> 0 | M26: =M25*$E$26 -> 0 | ... Y26: =Y25*$E$26 -> 0 | Z26: =SUM(F26:Y26) -> 169124.21 | AA26: =Z26=E26 -> TRUE
A27: 11 | C27: =IFERROR(VLOOKUP(A27,[1]Planilha!$A:$I,2,FALSE),0) -> PINTURAS E ACABAMENTOS | D27: Físico % | E27: =E28/$E$56 -> 0.057327163 | V27: 0.2 | W27: 0.2 | X27: 0.3 | Y27: 0.3 | Z27: =SUM(F27:Y27) -> 1 | AA27: =Z27=E27 -> FALSE
D28: Financeiro | E28: =MG!J226 -> 176924.57 | F28: =F27*$E$28 -> 0 | G28: =G27*$E$28 -> 0 | H28: =H27*$E$28 -> 0 | I28: =I27*$E$28 -> 0 | J28: =J27*$E$28 -> 0 | K28: =K27*$E$28 -> 0 | L28: =L27*$E$28 -> 0 | M28: =M27*$E$28 -> 0 | ... Y28: =Y27*$E$28 -> 53077.37 | Z28: =SUM(F28:Y28) -> 176924.57 | AA28: =Z28=E28 -> TRUE
A29: 12 | C29: =IFERROR(VLOOKUP(A29,[1]Planilha!$A:$I,2,FALSE),0) -> INSTALAÇÃO HIDRÁULICA | D29: Físico % | E29: =E30/$E$56 -> 0.032543811 | G29: 0.1 | H29: 0.1 | O29: 0.2 | P29: 0.2 | Q29: 0.2 | X29: 0.2 | Z29: =SUM(F29:Y29) -> 1 | AA29: =Z29=E29 -> FALSE
D30: Financeiro | E30: =MG!J243 -> 100437.55 | F30: =F29*$E$30 -> 0 | G30: =G29*$E$30 -> 10043.755 | H30: =H29*$E$30 -> 10043.755 | I30: =I29*$E$30 -> 0 | J30: =J29*$E$30 -> 0 | K30: =K29*$E$30 -> 0 | L30: =L29*$E$30 -> 0 | M30: =M29*$E$30 -> 0 | ... Y30: =Y29*$E$30 -> 0 | Z30: =SUM(F30:Y30) -> 100437.55 | AA30: =Z30=E30 -> TRUE
A31: 13 | C31: =IFERROR(VLOOKUP(A31,[1]Planilha!$A:$I,2,FALSE),0) -> DRENAGEM DE ÁGUAS PLUVIAIS | D31: Físico % | E31: =E32/$E$56 -> 0.0067976014 | G31: 0.2 | H31: 0.2 | I31: 0.2 | O31: 0.4 | Z31: =SUM(F31:Y31) -> 1 | AA31: =Z31=E31 -> FALSE
D32: Financeiro | E32: =MG!J296 -> 20978.932 | F32: =F31*$E$32 -> 0 | G32: =G31*$E$32 -> 4195.7865 | H32: =H31*$E$32 -> 4195.7865 | I32: =I31*$E$32 -> 4195.7865 | J32: =J31*$E$32 -> 0 | K32: =K31*$E$32 -> 0 | L32: =L31*$E$32 -> 0 | M32: =M31*$E$32 -> 0 | ... Y32: =Y31*$E$32 -> 0 | Z32: =SUM(F32:Y32) -> 20978.933 | AA32: =Z32=E32 -> TRUE
A33: 14 | C33: =IFERROR(VLOOKUP(A33,[1]Planilha!$A:$I,2,FALSE),0) -> INSTALAÇÃO SANITÁRIA | D33: Físico % | E33: =E34/$E$56 -> 0.025228365 | G33: 0.5 | H33: 0.5 | Z33: =SUM(F33:Y33) -> 1 | AA33: =Z33=E33 -> FALSE
D34: Financeiro | E34: =MG!J307 -> 77860.431 | F34: =F33*$E$34 -> 0 | G34: =G33*$E$34 -> 38930.215 | H34: =H33*$E$34 -> 38930.215 | I34: =I33*$E$34 -> 0 | J34: =J33*$E$34 -> 0 | K34: =K33*$E$34 -> 0 | L34: =L33*$E$34 -> 0 | M34: =M33*$E$34 -> 0 | ... Y34: =Y33*$E$34 -> 0 | Z34: =SUM(F34:Y34) -> 77860.431 | AA34: =Z34=E34 -> TRUE
A35: 15 | C35: =IFERROR(VLOOKUP(A35,[1]Planilha!$A:$I,2,FALSE),0) -> LOUÇAS, ACESSÓRIOS E METAIS | D35: Físico % | E35: =E36/$E$56 -> 0.022718553 | X35: 0.5 | Y35: 0.5 | Z35: =SUM(F35:Y35) -> 1 | AA35: =Z35=E35 -> FALSE
D36: Financeiro | E36: =MG!J342 -> 70114.584 | F36: =F35*$E$36 -> 0 | G36: =G35*$E$36 -> 0 | H36: =H35*$E$36 -> 0 | I36: =I35*$E$36 -> 0 | J36: =J35*$E$36 -> 0 | K36: =K35*$E$36 -> 0 | L36: =L35*$E$36 -> 0 | M36: =M35*$E$36 -> 0 | ... Y36: =Y35*$E$36 -> 35057.292 | Z36: =SUM(F36:Y36) -> 70114.584 | AA36: =Z36=E36 -> TRUE
A37: 16 | C37: =IFERROR(VLOOKUP(A37,[1]Planilha!$A:$I,2,FALSE),0) -> INSTALAÇÃO DE GÁS COMBUSTÍVEL | D37: Físico % | E37: =E38/$E$56 -> 0.0017376349 | G37: 0.2 | H37: 0.2 | N37: 0.2 | O37: 0.2 | X37: 0.2 | Z37: =SUM(F37:Y37) -> 1 | AA37: =Z37=E37 -> FALSE
D38: Financeiro | E38: =MG!J377 -> 5362.7335 | F38: =F37*$E$38 -> 0 | G38: =G37*$E$38 -> 1072.5467 | H38: =H37*$E$38 -> 1072.5467 | I38: =I37*$E$38 -> 0 | J38: =J37*$E$38 -> 0 | K38: =K37*$E$38 -> 0 | L38: =L37*$E$38 -> 0 | M38: =M37*$E$38 -> 0 | ... Y38: =Y37*$E$38 -> 0 | Z38: =SUM(F38:Y38) -> 5362.7335 | AA38: =Z38=E38 -> TRUE
A39: 17 | C39: =IFERROR(VLOOKUP(A39,[1]Planilha!$A:$I,2,FALSE),0) -> SISTEMA DE PROTEÇÃO CONTRA INCÊNDIO | D39: Físico % | E39: =E40/$E$56 -> 0.015587753 | N39: 0.2 | O39: 0.2 | W39: 0.2 | X39: 0.2 | Y39: 0.2 | Z39: =SUM(F39:Y39) -> 1 | AA39: =Z39=E39 -> FALSE
D40: Financeiro | E40: =MG!J391 -> 48107.325 | F40: =F39*$E$40 -> 0 | G40: =G39*$E$40 -> 0 | H40: =H39*$E$40 -> 0 | I40: =I39*$E$40 -> 0 | J40: =J39*$E$40 -> 0 | K40: =K39*$E$40 -> 0 | L40: =L39*$E$40 -> 0 | M40: =M39*$E$40 -> 0 | ... Y40: =Y39*$E$40 -> 9621.465 | Z40: =SUM(F40:Y40) -> 48107.325 | AA40: =Z40=E40 -> TRUE
A41: 18 | C41: =IFERROR(VLOOKUP(A41,[1]Planilha!$A:$I,2,FALSE),0) -> INSTALAÇÃO ELÉTRICA - 110V | D41: Físico % | E41: =E42/$E$56 -> 0.10089476 | G41: 0.1 | H41: 0.1 | T41: 0.1 | U41: 0.4 | V41: 0.1 | X41: 0.1 | Y41: 0.1 | Z41: =SUM(F41:Y41) -> 1 | AA41: =Z41=E41 -> FALSE
D42: Financeiro | E42: =MG!J418 -> 311384 | F42: =F41*$E$42 -> 0 | G42: =G41*$E$42 -> 31138.4 | H42: =H41*$E$42 -> 31138.4 | I42: =I41*$E$42 -> 0 | J42: =J41*$E$42 -> 0 | K42: =K41*$E$42 -> 0 | L42: =L41*$E$42 -> 0 | M42: =M41*$E$42 -> 0 | ... Y42: =Y41*$E$42 -> 31138.4 | Z42: =SUM(F42:Y42) -> 311384 | AA42: =Z42=E42 -> TRUE
A43: 19 | C43: =IFERROR(VLOOKUP(A43,[1]Planilha!$A:$I,2,FALSE),0) -> INSTALAÇÕES DE CLIMATIZAÇÃO | D43: Físico % | E43: =E44/$E$56 -> 0.005048599 | V43: 0.5 | W43: 0.5 | Z43: =SUM(F43:Y43) -> 1 | AA43: =Z43=E43 -> FALSE
D44: Financeiro | E44: =MG!J479 -> 15581.116 | F44: =F43*$E$44 -> 0 | G44: =G43*$E$44 -> 0 | H44: =H43*$E$44 -> 0 | I44: =I43*$E$44 -> 0 | J44: =J43*$E$44 -> 0 | K44: =K43*$E$44 -> 0 | L44: =L43*$E$44 -> 0 | M44: =M43*$E$44 -> 0 | ... Y44: =Y43*$E$44 -> 0 | Z44: =SUM(F44:Y44) -> 15581.116 | AA44: =Z44=E44 -> TRUE
A45: 20 | C45: =IFERROR(VLOOKUP(A45,[1]Planilha!$A:$I,2,FALSE),0) -> INSTALAÇÕES DE CABEAMENTO ESTRUTURADO | D45: Físico % | E45: =E46/$E$56 -> 0.013412439 | G45: 0.1 | H45: 0.1 | U45: 0.1 | V45: 0.1 | W45: 0.2 | X45: 0.2 | Y45: 0.2 | Z45: =SUM(F45:Y45) -> 1 | AA45: =Z45=E45 -> FALSE
D46: Financeiro | E46: =MG!J491 -> 41393.815 | F46: =F45*$E$46 -> 0 | G46: =G45*$E$46 -> 4139.3815 | H46: =H45*$E$46 -> 4139.3815 | I46: =I45*$E$46 -> 0 | J46: =J45*$E$46 -> 0 | K46: =K45*$E$46 -> 0 | L46: =L45*$E$46 -> 0 | M46: =M45*$E$46 -> 0 | ... Y46: =Y45*$E$46 -> 8278.763 | Z46: =SUM(F46:Y46) -> 41393.815 | AA46: =Z46=E46 -> TRUE
A47: 21 | C47: =IFERROR(VLOOKUP(A47,[1]Planilha!$A:$I,2,FALSE),0) -> SISTEMA DE EXAUSTÃO MECÂNICA | D47: Físico % | E47: =E48/$E$56 -> 0.0038203783 | V47: 0.5 | W47: 0.5 | Z47: =SUM(F47:Y47) -> 1 | AA47: =Z47=E47 -> FALSE
D48: Financeiro | E48: =MG!J517 -> 11790.55 | F48: =F47*$E$48 -> 0 | G48: =G47*$E$48 -> 0 | H48: =H47*$E$48 -> 0 | I48: =I47*$E$48 -> 0 | J48: =J47*$E$48 -> 0 | K48: =K47*$E$48 -> 0 | L48: =L47*$E$48 -> 0 | M48: =M47*$E$48 -> 0 | ... Y48: =Y47*$E$48 -> 0 | Z48: =SUM(F48:Y48) -> 11790.55 | AA48: =Z48=E48 -> TRUE
A49: 22 | C49: =IFERROR(VLOOKUP(A49,[1]Planilha!$A:$I,2,FALSE),0) -> SISTEMA DE PROTEÇÃO CONTRA DESCARGAS ATMOSFÉRICAS (SPDA) | D49: Físico % | E49: =E50/$E$56 -> 0.018158675 | G49: 0.2 | H49: 0.2 | R49: 0.1 | S49: 0.2 | T49: 0.1 | V49: 0.2 | Z49: =SUM(F49:Y49) -> 1 | AA49: =Z49=E49 -> FALSE
D50: Financeiro | E50: =MG!J520 -> 56041.77 | F50: =F49*$E$50 -> 0 | G50: =G49*$E$50 -> 11208.354 | H50: =H49*$E$50 -> 11208.354 | I50: =I49*$E$50 -> 0 | J50: =J49*$E$50 -> 0 | K50: =K49*$E$50 -> 0 | L50: =L49*$E$50 -> 0 | M50: =M49*$E$50 -> 0 | ... Y50: =Y49*$E$50 -> 0 | Z50: =SUM(F50:Y50) -> 56041.77 | AA50: =Z50=E50 -> TRUE
A51: 23 | C51: =IFERROR(VLOOKUP(A51,[1]Planilha!$A:$I,2,FALSE),0) -> SERVIÇOS COMPLEMENTARES | D51: Físico % | E51: =E52/$E$56 -> 0.036195172 | X51: 0.5 | Y51: 0.5 | Z51: =SUM(F51:Y51) -> 1 | AA51: =Z51=E51 -> FALSE
D52: Financeiro | E52: =MG!J536 -> 111706.47 | F52: =F51*$E$52 -> 0 | G52: =G51*$E$52 -> 0 | H52: =H51*$E$52 -> 0 | I52: =I51*$E$52 -> 0 | J52: =J51*$E$52 -> 0 | K52: =K51*$E$52 -> 0 | L52: =L51*$E$52 -> 0 | M52: =M51*$E$52 -> 0 | ... Y52: =Y51*$E$52 -> 55853.235 | Z52: =SUM(F52:Y52) -> 111706.47 | AA52: =Z52=E52 -> TRUE
A53: 24 | C53: =IFERROR(VLOOKUP(A53,[1]Planilha!$A:$I,2,FALSE),0) -> SERVIÇOS FINAIS | D53: Físico % | E53: =E54/$E$56 -> 0.0011978625 | Y53: 1 | Z53: =SUM(F53:Y53) -> 1 | AA53: =Z53=E53 -> FALSE
D54: Financeiro | E54: =MG!J546 -> 3696.874 | F54: =F53*$E$54 -> 0 | G54: =G53*$E$54 -> 0 | H54: =H53*$E$54 -> 0 | I54: =I53*$E$54 -> 0 | J54: =J53*$E$54 -> 0 | K54: =K53*$E$54 -> 0 | L54: =L53*$E$54 -> 0 | M54: =M53*$E$54 -> 0 | ... Y54: =Y53*$E$54 -> 3696.874 | Z54: =SUM(F54:Y54) -> 3696.874 | AA54: =Z54=E54 -> TRUE
A55: TOTAL | D55: Físico % | E55: =E7+E9+E11+E13+E15+E17+E19+E21+E23+E25+E27+E29+E31+E33+E35+E37+E39+E41+E43+E45+E47+E49+E51+E53 -> 1 | F55: =F56/$E$56 -> 0.034870919 | G55: =G56/$E$56 -> 0.047221945 | H55: =H56/$E$56 -> 0.051729821 | I55: =I56/$E$56 -> 0.044798777 | J55: =J56/$E$56 -> 0.025345428 | K55: =K56/$E$56 -> 0.025345428 | L55: =L56/$E$56 -> 0.066163004 | M55: =M56/$E$56 -> 0.066163004 | ... Y55: =Y56/$E$56 -> 0.064738031 | Z55: =SUM(F55:Y55) -> 1
D56: Financeiro | E56: =E8+E10+E12+E14+E16+E18+E20+E22+E24+E26+E28+E30+E32+E34+E36+E38+E40+E42+E44+E46+E48+E50+E52+E54 -> 3086225.8 | F56: =F8+F10+F12+F14+F16+F18+F20+F22+F24+F26+F28+F30+F32+F34+F36+F38+F40+F42+F44+F46+F48+F50+F52+F54 -> 107619.53 | G56: =G8+G10+G12+G14+G16+G18+G20+G22+G24+G26+G28+G30+G32+G34+G36+G38+G40+G42+G44+G46+G48+G50+G52+G54 -> 145737.58 | H56: =H8+H10+H12+H14+H16+H18+H20+H22+H24+H26+H28+H30+H32+H34+H36+H38+H40+H42+H44+H46+H48+H50+H52+H54 -> 159649.91 | I56: =I8+I10+I12+I14+I16+I18+I20+I22+I24+I26+I28+I30+I32+I34+I36+I38+I40+I42+I44+I46+I48+I50+I52+I54 -> 138259.14 | J56: =J8+J10+J12+J14+J16+J18+J20+J22+J24+J26+J28+J30+J32+J34+J36+J38+J40+J42+J44+J46+J48+J50+J52+J54 -> 78221.712 | K56: =K8+K10+K12+K14+K16+K18+K20+K22+K24+K26+K28+K30+K32+K34+K36+K38+K40+K42+K44+K46+K48+K50+K52+K54 -> 78221.712 | L56: =L8+L10+L12+L14+L16+L18+L20+L22+L24+L26+L28+L30+L32+L34+L36+L38+L40+L42+L44+L46+L48+L50+L52+L54 -> 204193.97 | ... Y56: =Y8+Y10+Y12+Y14+Y16+Y18+Y20+Y22+Y24+Y26+Y28+Y30+Y32+Y34+Y36+Y38+Y40+Y42+Y44+Y46+Y48+Y50+Y52+Y54 -> 199796.18 | Z56: =SUM(F56:Y56) -> 3086225.8
Z57: =100-Z56 -> -3086125.8
F61: ________________________________________
B62: José Magno Sarmento | F62: Diego Antonio Braga Fagundes
B63: CREA 32.278/D | F63: Prefeito Municipal
E65: =E56=[1]Planilha!I550 -> FALSE
